 Dungeon Crawl Stone Soup version 0.26-a0-833-g7262b39652 (webtiles) character file.

Game seed: 14331950940567400425

217 Descartes the Covert (level 5, -2/26 HPs)
             Began as a Felid Delver on Nov 16, 2020.
             Slain by a goblin (3 damage)
             ... led by Robin
             ... on level 2 of the Dungeon.
             The game lasted 00:03:15 (2499 turns).

Descartes the Covert (Felid Delver)                 Turns: 2499, Time: 00:03:16

Health: -2/26      AC:  1    Str:  9    XL:     5   Next: 61%
Magic:  5/5        EV: 19    Int: 11    God:
Gold:   166        SH:  0    Dex: 18    Spells: 4/4 levels left
                                        Lives:  0   Deaths: 1

rFire    . . .     SeeInvis +     - Unarmed
rCold    . . .     Faith    .   (shield unavailable)
rNeg     . . .     Spirit   .   (armour unavailable)
rPois    +         Reflect  .   (helmet unavailable)
rElec    .         Harm     .   (cloak unavailable)
rCorr    .         Rampage  .   (gloves unavailable)
MR       .....                  (boots unavailable)
Stlth    +++++.....             (no amulet)
HPRegen  0.08/turn              (no ring)
MPRegen  0.09/turn              (no ring)

@: flying, quick
A: very small, no armour, no weapons or thrown items, stealth, claws 1, fangs 3,
see invisible, speed 1, low mp 1, poison resistance, robust 1, shaggy fur 1,
sharp paws
a: no special abilities


You were on level 2 of the Dungeon.
You visited 1 branch of the dungeon, and saw 4 of its levels.

You collected 166 gold pieces.

Inventory:

Jewellery
 i - an uncursed ring of protection from cold {unknown}
Wands
 e - a wand of digging (3)
Scrolls
 a - a scroll of fog
 b - a scroll of magic mapping
 c - 3 scrolls of fear
 l - 2 scrolls of teleportation {unknown}
 n - a scroll of identify {unknown}
 o - a scroll of enchant armour {unknown}
Potions
 d - a potion of haste
 f - a potion of degeneration {unknown}
 h - a potion of attraction {unknown}
 m - a potion of might {unknown}


   Skills:
 + Level 3.4 Fighting
 + Level 3.5 Dodging
 + Level 10.0 Stealth
 + Level 2.6 Unarmed Combat


You had 4 spell levels left.
You didn't know any spells.
Your spell library was empty.

Dungeon Overview and Level Annotations

Branches:
Dungeon (5/15)
 Temple: D:4-7

Altars:
Cheibriados
Elyvilon
Gozag
Makhleb
Okawaru
Zin

Shops:
D:4 [

Annotations:
D:2 Robin
D:5 Sigmund


Innate Abilities, Weirdness & Mutations

You cannot wear armour.
You are incapable of wielding weapons or throwing items.
Your paws allow you to move quietly. (Stealth)
You have sharp claws.
You have razor-sharp teeth.
You have supernaturally acute eyesight. (SInv)
You cover ground quickly.
You are covered in fur. (AC +1)
Your sharp claws are effective at attacking unaware monsters.
Your magical capacity is low. (-10% MP)
Your system is resistant to poisons. (rPois)
You are robust. (+10% HP)


Message History

The goblin closely misses you. Robin misses you. The goblin closely misses you.
It was a potion of cancellation.
Your magical effects are unravelling.
You feel magically purged.
You feel yourself slow down. The goblin misses you.
The goblin barely misses you. The goblin completely misses you.
It was a potion of mutation.
You feel extremely strange.
You feel resistant to poisons.
You feel less energetic.
You feel robust.
The goblin no longer looks unusually strong.
The bat misses you. Robin misses you. The goblin closely misses you. x3
It was a potion of flight.
You feel very buoyant.
You fly up into the air.
The goblin no longer looks unusually strong.
The bat completely misses you.
Robin roars a battlecry!
The goblins go into a battle-frenzy!
The goblin hits you.
You die...

.# #..#.......... ..
..#+#.#..#..........
##
#.....#..#..........
#.....#.)#..........
#.....#..#..........
#..($b#..#..........
######.....+
#.#'#####..
......)gg..####.#.#
# #g@g......#.#
####.###..#.#
#.#....#.#
#.#.#.##.#
#.#.#.##.# #)#
#.##.# #.# #.# #.#
#.# #.#


You could see Robin, 3 goblins and a bat.

Vanquished Creatures
  A centaur (D:5)
  A howler monkey (D:4)
  A centaur skeleton (D:5)
  Natasha (D:2)
  A worker ant (D:5)
  3 gnolls (D:4)
  An adder (D:3)
  A shadow imp (D:5)
  An adder skeleton (D:4)
  2 worms
  A dart slug (D:3)
  2 leopard geckos (D:4)
  6 giant cockroaches
  5 goblins
  A hobgoblin (D:2)
  A kobold (D:3)
  2 quokkas
  A ball python (D:3)
  A bat (D:3)
  2 frilled lizards
  A quokka skeleton (D:5)
  A rat (D:2)
37 creatures vanquished.

Notes
Turn   | Place    | Note
-------+----------+-------------------------------------------
     0 | D:5      | Descartes the Felid Delver began the quest for the Orb.
     0 | D:5      | Reached XP level 1. HP: 10/10 MP: 2/2
    16 | D:5      | Reached skill level 7 in Stealth
    16 | D:5      | Reached XP level 2. HP: 6/14 MP: 3/3
    16 | D:5      | Reached XP level 3. HP: 7/17 MP: 4/4
   289 | D:5      | Reached skill level 8 in Stealth
   319 | D:5      | Noticed a centaur
   334 | D:5      | Killed a centaur
   335 | D:5      | Reached skill level 9 in Stealth
   335 | D:5      | Reached XP level 4. HP: 21/21 MP: 5/5
   619 | D:5      | Noticed a gnoll sergeant
   624 | D:5      | Noticed Sigmund
   810 | D:5      | HP: 1/21 [poisoned by an adder]
   812 | D:5      | Succumbed to an adder's poison
   813 | D:5      | Reached XP level 3. HP: 0/17 MP: 4/4
   875 | D:5      | Reached XP level 4. HP: 21/21 MP: 5/5
   964 | D:4      | Found a white marble altar of Elyvilon.
   964 | D:4      | Found a snail-covered altar of Cheibriados.
  1078 | D:4      | Found an opulent altar of Gozag.
  1098 | D:4      | Found Uwuug's Antique Armour Emporium.
  1245 | D:4      | Reached XP level 5. HP: 24/24 MP: 6/6
  1510 | D:4      | Found a glowing silver altar of Zin.
  1823 | D:3      | Found an iron altar of Okawaru.
  2013 | D:3      | Found a burning altar of Makhleb.
  2388 | D:2      | Noticed Natasha
  2398 | D:2      | Killed Natasha
  2399 | D:2      | Reached skill level 10 in Stealth
  2480 | D:2      | Noticed Robin
  2496 | D:2      | HP: 1/24 [goblin/+0 club[Robin] (3)]
  2498 | D:2      | Gained mutation: Your system is resistant to poisons.
                  | (rPois) [potion of mutation]
  2498 | D:2      | Gained mutation: Your magical capacity is low. (-10% MP)
                  | [potion of mutation]
  2498 | D:2      | Gained mutation: You are robust. (+10% HP) [potion of
                  | mutation]
  2499 | D:2      | Slain by a goblin

Illustrated notes

Levels and vault maps discovered:
D:2:      layout_basic, minmay_misc_feat_pillars, uniq_robin, uniq_natasha
D:3:      layout_rooms, lightli_temple_of_fire, okawaru_metal_pillars_1_2
D:4:      layout_loops_corners, lemuel_doored_altar, zin_treasury,
          amethyst_overflow_temple_binary, serial_shops, shop
D:5:      layout_layer_cave, yredelemnul_altar_generic, temple_green,
          serial_shops, nicolae_shop_crystal, uniq_sigmund

Skill      XL: |  1  2  3  4  5 |
---------------+----------------+-----
Stealth        | 7 9 10 | 10.0
Dodging        | 3 |  3.5
Fighting       | |  3.4
Unarmed Combat | |  2.6

Action                   |  1- 3 |  4- 6 || total
-------------------------+-------+-------++-------
Melee: Unarmed           |    17 |    86 ||   103
       Bite              |     3 |     6 ||     9
  Use: Potion            |       |     4 ||     4
 Stab: Sleeping          |     3 |    13 ||    16
Armor: Skin              |     2 |     1 ||     3
Dodge: Dodged            |     9 |    95 ||   104

Table legend: (Time is in decaauts)
 A = Elapsed time spent in this place.
 B = Non-inter-level travel time spent in this place.
 C = Inter-level travel time spent in this place.
 D = Time resting spent in this place.
 E = Time spent auto-exploring this place.
 F = Levels seen in this place.
 G = Mean time per level.
                   A        B        C        D        E       F      G
               +--------+--------+--------+--------+--------+-----+--------+
         Total |   2177 |   2141 |     36 |      0 |   1810 |   4 |  544.2 |
       Dungeon |   2177 |   2141 |     36 |      0 |   1810 |   4 |  544.2 |
               +--------+--------+--------+--------+--------+-----+--------+

Top non-repeatable levels by time:
     D:5: 815 daAuts
     D:4: 761 daAuts
     D:3: 352 daAuts
     D:2: 247 daAuts
